 Dungeon Crawl Stone Soup version 0.28.0 (webtiles) character file.

Game seed: 6998695209584994950

1 SnakkuSnakku7 the Magician (level 1, 0/11 HPs)
             Began as a Deep Elf Transmuter on Feb 8, 2022.
             Slain by a bat (1 damage)
             ... on level 1 of the Dungeon.
             The game lasted 00:00:24 (63 turns).

SnakkuSnakku7 the Magician (Deep Elf Transmuter)      Turns: 63, Time: 00:00:25

Health: 0/11       AC:  2    Str:  7    XL:     1   Next: 16%
Magic:  5/6        EV: 12    Int: 17    God:
Gold:   0          SH:  0    Dex: 15    Spells: 5/6 levels left

rFire   . . .      SeeInvis .     - Unarmed
rCold   . . .      Faith    .   (no shield)
rNeg    . . .      Spirit   .   a - +0 robe
rPois   .          Reflect  .   (helmet currently unavailable)
rElec   .          Harm     .   (no cloak)
rCorr   .          Rampage  .   (no gloves)
Will    .....                   (boots currently unavailable)
Stlth   +.........              (no amulet)
HPRegen 0.03/turn               (no ring)
MPRegen 0.10/turn               (no ring)

@: appendages, attractive
A: horns 2, talons 2
a: End Transformation


You were on level 1 of the Dungeon.
You had temporarily grown beastly horns and talons.
You visited 1 branch of the dungeon, and saw 1 of its levels.

Inventory:

Armour
 a - a +0 robe (worn)
Scrolls
 c - a scroll of identify {unknown}
Potions
 b - a potion of attraction


   Skills:
 - Level 0.7 Fighting
 - Level 2.4 Dodging
 + Level 2.4 Unarmed Combat
 - Level 3.0 Spellcasting
 + Level 2.2 Transmutations


You had 5 spell levels left.
You knew the following spells:

 Your Spells              Type           Power      Damage    Failure   Level
a - Beastly Appendage     Tmut           20%        N/A       7%          1

Your spell library contained the following spells:

 Spells                   Type           Power      Damage    Failure   Level
 Wereblood                Tmut           10%        N/A       11%         2
 Spider Form              Tmut/Pois      6%         N/A       32%         3
 Ice Form                 Ice/Tmut       6%         N/A       73%         4


Dungeon Overview and Level Annotations

Branches:
Dungeon (1/15)

Altars:


Innate Abilities, Weirdness & Mutations

You have temporarily grown beastly horns and talons.


Message History

The quokka closely misses you.
You miss the quokka.
The quokka twitches its whiskers.
The quokka bites you.
You hit the quokka but do no damage. Your kick misses the quokka.
Your headbutt misses the quokka. The quokka closely misses you.
You closely miss the quokka. The quokka barely misses you.
You hit the quokka. You claw the quokka, but do no damage.
The quokka is moderately wounded.
The quokka closely misses you.
You hit the quokka but do no damage.
The quokka is moderately wounded.
The quokka bites you.
You are too injured to fight recklessly!
You are too injured to fight recklessly!
Unknown command.
Casting: Beastly Appendage (safe; 7% risk of failure)
Confirm with . or Enter, or press ? or * to list all spells.
You extend your transformation's duration.
The quokka misses you. x2
You hit the quokka but do no damage.
The quokka is moderately wounded.
The quokka misses you.
You completely miss the quokka.
The quokka is moderately wounded.
The quokka bites you.
* * * LOW HITPOINT WARNING * * *
A bat, a kobold and an endoplasm come into view.
Found a ring mail.
The kobold shouts!
The endoplasm quivers.
The bat hits you but does no damage.
The kobold moves out of view.
It was a potion of attraction.
You feel attractive to monsters. The bat barely misses you.
The quokka closely misses you. The bat is attracted toward you.
The kobold is attracted toward you.
You hit the quokka. You claw the quokka.
You kill the quokka!
The bat hits you.
You die...

#.'......≈..... .
###...⌠........ ..
#.........≈.. #.##
###..(⌠.......
#...######.'......⌠...⌠
#......†.##..........
##..)#########.......
#..r..#.# ####### ##(#(
#@# . ##KJb# #§##§# ..
#.# ..# ..# # ###


You could see an endoplasm, a bat and a kobold.

Vanquished Creatures
  A quokka (D:1)
  2 rats (D:1)
3 creatures vanquished.

Notes
Turn   | Place    | Note
-------+----------+-------------------------------------------
     0 | D:1      | SnakkuSnakku7 the Deep Elf Transmuter began the quest for
                  | the Orb.
     0 | D:1      | Reached XP level 1. HP: 11/11 MP: 6/6
    63 | D:1      | Slain by a bat

Illustrated notes

Levels and vault maps discovered:
D:1:      dpeg_arrival_stone_temple_mockup, layout_loops_ring,
          chequers_arboretum, grunt_decor_fettered, minmay_tall_x

Action                   || total
-------------------------++-------
Melee: Unarmed           ||    12
       Kick              ||     3
 Cast: Beastly Appendage ||     2
  Use: Potion            ||     1
 Stab: Sleeping          ||     1
Armor: Robe              ||     1
Dodge: Dodged            ||    12
